 Dungeon Crawl Stone Soup version 0.16.1-4-g8e1b745 (webtiles) character file.

749267 Zugr the Petrodigitator (level 27, -3/176 HPs)
             Began as a Gargoyle Wizard on Mar 25, 2015.
             Was the Champion of Vehumet.
             Killed from afar by an orb of fire (32 damage)
             ... with a fireball
             ... on level 5 of the Realm of Zot on Mar 27, 2015.
             The game lasted 16:52:36 (130694 turns).

Zugr the Petrodigitator (Gargoyle Wizard)         Turns: 130694, Time: 16:52:36

Health: -3/176     AC: 51    Str: 16    XL:     27
Magic:  21/50      EV: 15    Int: 49    God:    Vehumet [******]
Gold:   6220       SH:  0    Dex: 15    Spells: 14 memorised, 6 levels left

rFire  + . .     SeeInvis +     r - +10 lajatang of the Eggplant {slice, Int+4 Dex+2}
rCold  . . .     Clarity  .     P - +10 shadow dragon armour "Plaewk" {+Blink rN+ Str+2 Int+4 SInv Stlth++++}
rNeg   + + +     SustAb   .     (no shield)
rPois  ∞         Gourm    .     i - +3 hat of Pondering {ponderous, MR+ MP+10 Int+5}
rElec  +         Spirit   .     J - +0 cloak "Stistra" {rN+ Int+10 Dex-3}
rCorr  .         Warding  .     l - +2 pair of gloves {Str+3}
rMut   .         Stasis   .     D - +0 pair of boots {run}
MR     +++..                    b - amulet of regeneration
Stlth  +++.......               X - ring "Giruth" {Contam rElec rC+ Int+2 Dex+4 SInv}
                                n - ring of fire

@: sluggish, about to teleport, flying, delayed fireball, repel missiles, very
slow, extremely resistant to hostile enchantments, fairly stealthy
A: able to fly continuously, big wings, blurry vision 1, deformed body, dopey 1,
low mp 1, negative energy resistance 1, electricity resistance, spit poison 1,
weak 1, unbreathing, petrification resistance, rot immunity, AC +20
a: Spit Poison, Stop Flying, Renounce Religion, Release Delayed Fireball, Evoke
Blink
}: 4/15 runes: barnacled, silver, abyssal, gossamer


You were on level 5 of the Realm of Zot.
You worshipped Vehumet.
Vehumet was exalted by your worship.
You were not hungry.

You visited 12 branches of the dungeon, and saw 60 of its levels.
You visited the Abyss 1 time.
You visited 1 bazaar.
You also visited: Labyrinth and Trove.

You collected 9645 gold pieces.
You spent 3425 gold pieces at shops.

Inventory:

Hand weapons
 r - the +10 lajatang of the Eggplant (weapon) {slice, Int+4 Dex+2}
   (You took it off a yaktaur on level 5 of the Vaults)

   It inflicts extra damage upon your enemies.
   It affects your intelligence (+4).
   It affects your dexterity (+2).
Armour
 i - the +3 hat of Pondering (worn) {ponderous, MR+ MP+10 Int+5}
   (You took it off Gastronok on level 2 of the Orcish Mines)

   It affects your intelligence (+5).
   It affects your resistance to hostile enchantments.
   It affects your magic capacity (+10).
 l - a +2 pair of gloves of strength (worn)
 D - a +0 pair of boots of running (worn)
 J - the +0 cloak "Stistra" (worn) {rN+ Int+10 Dex-3}
   (You bought it in a shop on level 8 of the Dungeon)

   It affects your intelligence (+10).
   It affects your dexterity (-3).
   It protects you from negative energy.
 P - the +10 shadow dragon armour "Plaewk" (worn) {+Blink rN+ Str+2 Int+4 SInv Stlth++++}
   (You found it on level 3 of the Elven Halls)

   It affects your strength (+2).
   It affects your intelligence (+4).
   It protects you from negative energy.
   It enhances your eyesight.
   It lets you blink.
   It makes you much more stealthy.
Rods
 v - a +0 iron rod (12/12)
   (You took it off a minotaur on level 5 of the Depths)
Jewellery
 b - an amulet of regeneration (around neck)
 d - an uncursed ring of sustain abilities
 n - a ring of fire (left hand)
 E - an uncursed amulet of clarity
 F - an uncursed ring of protection from magic
 I - an uncursed amulet of resist mutation
 R - an uncursed ring of ice
 X - the ring "Giruth" (right hand) {Contam rElec rC+ Int+2 Dex+4 SInv}
   (You took it off a deep elf sorcerer on level 3 of the Elven Halls)

   [ring of dexterity]

   It affects your intelligence (+2).
   It affects your dexterity (+4).
   It protects you from cold.
   It insulates you from electricity.
   It enhances your eyesight.
   It causes magical contamination when unequipped.
 Y - a cursed ring of teleport control
Magical devices
 k - a wand of teleportation (2)
 s - a wand of invisibility (6)
 L - a wand of heal wounds (0)
Scrolls
 f - a scroll of enchant armour
 h - 13 scrolls of magic mapping
 j - 2 scrolls of recharging
 y - 2 scrolls of immolation
 B - 12 scrolls of teleportation
 G - 15 scrolls of remove curse
 H - 2 scrolls of amnesia
 Q - 6 scrolls of fog
 S - 10 scrolls of vulnerability
 T - a scroll of enchant weapon
 U - 8 scrolls of identify
 W - 5 scrolls of fear
Potions
 e - a potion of lignification
 g - 4 potions of might
 m - 5 potions of brilliance
 t - 29 potions of curing
 z - 7 potions of haste
 K - a potion of resistance
 M - 10 potions of restore abilities
 N - 6 potions of agility
 V - 5 potions of ambrosia
 Z - a potion of magic
Miscellaneous
 o - a disc of storms
 u - a fan of gales
 A - a lantern of shadows
 C - a lamp of fire
Comestibles
 a - 4 beef jerkies
 c - 10 bread rations
 p - 26 fruits
 x - 2 meat rations


   Skills:
 - Level 19.0 Fighting
 - Level 12.0(12.5) Maces & Flails
 - Level 6.1(9.9) Staves
 - Level 12.6 Armour
 - Level 15.6 Dodging
 - Level 2.1 Stealth
   Level 3.0 Shields
 + Level 19.0 Spellcasting
 - Level 15.6 Conjurations
   Level 0.8 Summonings
 - Level 0.8 Translocations
 * Level 25.6 Fire Magic
 - Level 2.0 Air Magic
 O Level 27 Earth Magic
 - Level 10.0 Evocations


You had 6 spell levels left.
You knew the following spells:

 Your Spells              Type           Power        Failure   Level  Hunger
a - Magic Dart            Conj           ####         0%          1    None
b - Repel Missiles        Chrm/Air       ######       3%          2    None
c - Mephitic Cloud        Conj/Pois/Air  #######.     1%          3    None
d - Fireball              Conj/Fire      #########.   1%          5    None
e - Blink                 Tloc           N/A          3%          2    None
f - Stone Arrow           Conj/Erth      ######       0%          3    None
g - Iron Shot             Conj/Erth      ########..   1%          6    None
h - Lee's Rapid Deconstr  Erth           ########..   0%          5    None
i - Orb of Destruction    Conj           ########..   1%          7    None
j - Swiftness             Chrm/Air       ######..     3%          2    None
k - Delayed Fireball      Conj/Fire      N/A          1%          7    None
l - Fire Storm            Conj/Fire      #########.   21%         9    ###....
m - Stoneskin             Trmt/Erth      ########     1%          2    None
n - Shatter               Erth           ########..   3%          9    ###....


Dungeon Overview and Level Annotations

Branches:
Dungeon (15/15)            Temple (1/1) D:5            Lair (8/8) D:11
 Shoals (5/5) Lair:6       Spider (5/5) Lair:3        Slime (0/6) Lair:8
    Orc (4/4) D:9             Elf (3/3) Orc:3        Vaults (5/5) D:13
  Crypt (3/3) Vaults:2       Tomb (0/3) Crypt:3      Depths (5/5) D:15
   Hell (1/1)                 Dis (0/7) Hell            Tar (0/7) Hell
    Zot (5/5) Depths:5
    Geh: Hell:1         Coc: Hell:1

Altars:
Ashenzari
Cheibriados
Dithmenos
Elyvilon
Fedhas
Gozag
Kikubaaqudgha
Makhleb
Nemelex Xobeh
Okawaru
Qazlal
Ru
Sif Muna
Trog
Vehumet
Xom
Yredelemnul
Zin
The Shining One
Beogh

Shops:
D:8 [[*[   D:10 ?(   D:13 [   Orc:4 :[*(   Depths:2 :*   Depths:3 ?*
Depths:5 =

Portals:
Hell: Depths:1 Depths:2 Depths:3 Depths:4 Depths:5
Abyss: Depths:4
Pandemonium: Depths:3 Depths:4
Ziggurat: Depths:4

Annotations:
Lair:3 exclusion: oklob plant
Spider:3 exclusion: Roxanne, Roxanne
Orc:1 !Nergalle on north stairs
Hell Geryon


Innate Abilities, Weirdness & Mutations

You are resistant to torment.
You are immune to poison.
You can fly continuously.
Your stone body is very resilient (AC +20).
Your wings are large and strong.
You resist negative energy.
You are resistant to electric shocks.
You can survive without breathing.
You are immune to petrification.
You are immune to rotting.
Scrolls take you a little longer to read.
Armour fits poorly on your strangely shaped body.
You are dopey. (Int -2)
Your magical capacity is low (-10% MP).
You can spit poison.
You are weak. (Str -2)


Message History

* * * LOW HITPOINT WARNING * * *
A yellow draconian comes into view. It is wielding a long sword.
Drink which item? (? for menu, Esc to quit)
Okay, then.
Zapping:
L - a wand of heal wounds (1)
Press: ? - help, Shift-Dir - straight line, f - you You feel much better.
This wand has 0 charges left.
A white draconian annihilator comes into view.
It is wielding a long sword of holy wrath.
Casting: Shatter
Confirm with . or Enter, or press ? or * to list all spells.
The dungeon rumbles!
You kill the Orb Guardian!
Vehumet accepts your kill.
You feel your power returning.
The yellow draconian is severely wounded.
The white draconian annihilator is almost dead.
You hear a roar!
The orb of fire glows yellow.
The fireball explodes!
The fireball engulfs you! You resist.
You die...

... .........
...........
.............
...............
...............
..............q
.................
........@...)..d.
(.......^...*..).
...............
...............
▓.....##▓▓▓▓▓▓▓
..... .... ...
.## ...


You could see an orb of fire, a yellow draconian and a white draconian
annihilator.

Vanquished Creatures
  9 orbs of fire (Zot:5)
  3 ancient liches
  Boris (Vaults:4)
  Norris (Spider:2)
  Saint Roka (Vaults:1)
  A curse toe (Zot:3)
  A caustic shrike (Depths:4)
  2 Killer Klowns
  Mennas (Depths:4)
  8 golden dragons
  A bone dragon (Depths:4)
  Xtahua (Crypt:1)
  Frederick (Vaults:5)
  Arachne (Spider:5)
  An azure jelly (Depths:4)
  3 electric golems (Zot:5)
  A hellephant (Zot:2)
  6 liches
  16 tentacled monstrosities
  8 Orb Guardians (Zot:5)
  7 titans
  Asterion (Vaults:2)
  A deep elf master archer (Depths:4)
  8 sphinxes
  2 deep elf blademasters
  An eldritch tentacle (Crypt:3)
  4 quicksilver dragons
  Polyphemus (Shoals:2)
  2 krakens
  An octopode crusher (Abyss:3)
  2 ancient champions (Crypt:1)
  9 tengu reavers
  10 storm dragons
  An Executioner (Elf:3)
  11 shadow dragons
  Frances (Elf:2)
  2 draconian monks
  Ilsuiw (Shoals:5)
  2 iron dragons
  12 frost giants
  7 orc warlords
  Wiglaf (Vaults:1)
  A greater naga (Depths:2)
  15 vault wardens
  10 deep elf sorcerers
  5 draconian knights
  6 draconian scorchers
  Aizul (Depths:3)
  9 fire giants
  11 emperor scorpions
  9 ghost moths
  5 draconian zealots
  2 curse skulls
  Gastronok (Orc:2)
  A spriggan defender (Depths:3)
  21 ironheart preservers
  10 ghouls
  Jorgrun (Vaults:5)
  2 draconian annihilators
  6 reapers
  4 war gargoyles
  A caustic shrike skeleton (Crypt:1)
  A draconian shifter (Zot:5)
  27 stone giants
  14 very ugly things
  15 deep elf demonologists
  A green draconian (Zot:5)
  6 grey draconians
  3 draconian callers
  6 purple draconians
  9 pale draconians
  4 vampire knights
  7 red draconians
  7 black draconians
  4 white draconians
  5 dire elephants
  9 mottled draconians
  18 deep elf annihilators
  6 eidola
  9 yellow draconians
  15 ettins
  4 merfolk javelineers
  A mummy priest (Crypt:3)
  8 deep elf death magi
  27 fire dragons
  10 crystal guardians
  33 vault guards
  6 minotaurs
  8 deep elf high priests
  12 merfolk impalers
  17 death cobs
  11 rakshasas
  6 great orbs of eyes
  16 yaktaur captains
  4 jiangshi (Crypt:1)
  A quicksilver dragon skeleton (Crypt:3)
  10 hell beasts
  22 ice dragons
  A catoblepas (Shoals:2)
  3 spriggan air magi
  A death knight (Crypt:1)
  10 deep troll earth magi
  2 alligators (Depths:4)
  23 centaur warriors
  2 alligator snapping turtles
  3 satyrs
  An anaconda (Depths:4)
  A catoblepas (shapeshifter) (Vaults:1)
  9 hydras
  7 merfolk avatars
  4 merfolk aquamancers
  The ghost of Fanu the Geomancer, a powerful GrEE of Sif Muna (Lair:1)
  16 death yaks
  16 dancing weapons
  7 tengu warriors
  4 vampire magi
  27 ogre magi
  5 orc high priests
  2 naga sharpshooters (Depths:4)
  A hell hog (Hell)
  A storm dragon zombie (Vaults:5)
  24 hell knights
  13 deep troll shamans
  3 soul eaters
  Nergalle (Orc:2)
  3 spriggan berserkers
  2 sun demons
  A wretched star (Abyss:3)
  4 iron trolls
  A storm dragon skeleton (Crypt:3)
  An ice devil (Hell)
  27 skeletal warriors
  18 deep elf knights
  A spatial maelstrom (Abyss:2)
  5 shadow wraiths
  2 fire crabs
  10 hill giants
  An unseen horror (Vaults:1)
  30 deep trolls
  4 wizards
  4 deep elf summoners
  10 sea snakes
  23 orc knights
  A swamp dragon (shapeshifter) (Depths:4)
  2 lindwurms (Depths:4)
  2 unseen horrors (shapeshifter)
  2 swamp dragons (Depths:4)
  16 flayed ghosts
  A golden dragon skeleton (Crypt:1)
  A tengu zombie (Vaults:1)
  4 starcursed masses (Abyss:1)
  16 deep elf conjurers
  21 cyclopes
  21 ironbrand convokers
  13 necromancers
  An anaconda skeleton (Crypt:3)
  3 giant orange brains
  18 harpies
  A mana viper (Depths:4)
  26 orb spiders
  A shadow dragon skeleton (Hell)
  A shining eye (shapeshifter) (Depths:2)
  A frost giant zombie (Vaults:5)
  A draconian (shapeshifter) (Vaults:1)
  A salamander (Depths:2)
  5 sixfirhies
  8 hornets
  A manticore (shapeshifter) (Depths:3)
  A worldbinder (Abyss:3)
  7 griffons
  2 iron dragon zombies
  A hornet (shapeshifter) (Vaults:3)
  47 ugly things
  A moth of wrath (shapeshifter) (Elf:3)
  10 manticores
  37 wolf spiders
  8 fauns
  An iron dragon skeleton (Crypt:1)
  9 sirens
  32 moths of wrath
  12 orc sorcerers
  A fire giant zombie (Vaults:3)
  A cyclops (shapeshifter) (Depths:4)
  16 phantasmal warriors
  12 elephants
  3 water nymphs
  15 vault sentinels
  A centaur zombie (D:14)
  A rust devil (Depths:3)
  An eye of devastation (shapeshifter) (Vaults:4)
  2 fire giant skeletons
  A frost giant skeleton (Crypt:3)
  A naga mage (D:15)
  2 drowned souls (Abyss:3)
  3 torpor snails
  78 yaktaurs
  2 orange demons
  An emperor scorpion zombie (Crypt:1)
  27 spiny frogs
  A hellion (Hell)
  5 gargoyles
  13 smoke demons
  A yaktaur (shapeshifter) (Vaults:5)
  9 black mambas
  A tormentor (Depths:3)
  16 demonic crawlers
  2 yaktaur zombies
  3 kobold demonologists
  An elf (shapeshifter) (Vaults:3)
  2 dire elephant skeletons
  15 freezing wraiths
  2 queen bees
  4 wandering mushrooms (Lab)
  3 red devils
  A queen bee (shapeshifter) (Vaults:3)
  A black draconian skeleton (Crypt:2)
  4 human skeletons
  3 tengu conjurers
  22 deep elf priests
  35 jumping spiders
  12 trolls
  2 yaktaur skeletons
  A hydra zombie (Hell)
  2 minotaur zombies
  3 guardian mummies (Crypt:3)
  13 komodo dragons
  2 giant leeches (Lair:8)
  A silent spectre (Crypt:2)
  A hellwing (Elf:2)
  A fire drake (Lair:5)
  37 merfolk
  2 wind drakes (shapeshifter)
  A polar bear (shapeshifter) (Depths:1)
  3 blue devils
  A wind drake (Shoals:5)
  A sphinx simulacrum (Vaults:3)
  A harpy skeleton (Crypt:3)
  A hydra skeleton (Crypt:1)
  An ettin zombie (Crypt:1)
  A moth of wrath zombie (Crypt:2)
  16 ravens
  A blink frog (shapeshifter) (Vaults:3)
  A frost giant simulacrum (Vaults:1)
  34 slime creatures
  43 two-headed ogres
  6 boulder beetles
  An ushabti (Crypt:3)
  7 air elementals
  23 blink frogs
  A boulder beetle (shapeshifter) (Vaults:2)
  A small abomination (Abyss:3)
  6 bog bodies
  A trapdoor spider (shapeshifter) (Depths:3)
  3 basilisks
  5 flying skulls (Crypt:1)
  An alligator skeleton (Crypt:3)
  50 redbacks
  A stone giant simulacrum (Vaults:5)
  6 shadows
  15 snapping turtles
  22 trapdoor spiders
  2 wyverns
  27 tarantellas
  2 ettin skeletons (Crypt:1)
  A yak (shapeshifter) (Vaults:5)
  42 yaks
  A basilisk (shapeshifter) (Vaults:5)
  10 wraiths
  4 spriggans
  7 vampires
  10 water elementals
  A wind drake skeleton (Crypt:1)
  17 vampire mosquitoes
  Eustachio (Orc:2)
  40 deep elf magi
  3 golden eyes (Depths:4)
  11 humans
  A hippogriff (shapeshifter) (Vaults:4)
  2 yaktaur simulacra (Vaults:3)
  A harpy simulacrum (Depths:4)
  4 hungry ghosts
  3 neqoxecs
  A naga (Depths:2)
  A steam dragon (shapeshifter) (D:13)
  49 deep elf fighters
  15 hippogriffs
  2 mottled dragons
  Edmund (D:5)
  9 wargs
  4 human zombies
  16 wolves
  11 swamp worms (Lair:5)
  A soldier ant (shapeshifter) (Vaults:1)
  A soldier ant (D:14)
  A sky beast (shapeshifter) (Vaults:5)
  11 water moccasins
  A merfolk skeleton (Crypt:3)
  A hydra simulacrum (Crypt:1)
  92 ogres
  23 porcupines
  10 spiders
  9 ice beasts
  An eye of draining (D:11)
  3 black bears
  An elf zombie (Vaults:4)
  3 phantoms
  An ettin simulacrum (Vaults:2)
  57 orc warriors
  7 sky beasts
  3 necrophages
  An ogre (shapeshifter) (Vaults:5)
  40 centaurs
  3 boring beetles
  2 large abominations
  6 wasps
  2 swamp dragon skeletons
  10 crocodiles
  3 brain worms
  Sigmund (D:5)
  4 big kobolds
  4 lost souls
  9 boggarts
  A fire drake skeleton (Crypt:2)
  51 giant frogs
  An ogre simulacrum (Vaults:1)
  A water moccasin zombie (D:4)
  9 scorpions
  5 electric eels
  24 wights
  A troll skeleton (Crypt:1)
  28 killer bees
  2 quasits (D:7)
  A giant frog zombie (D:7)
  2 goliath beetles
  A wasp zombie (D:11)
  12 crimson imps
  A human simulacrum (Vaults:1)
  6 jellies
  A gnoll shaman (D:7)
  15 hounds
  Crazy Yiuf (D:4)
  39 orc priests
  54 orc wizards
  4 centaur skeletons
  4 giant frog skeletons
  10 iguanas
  3 iron imps
  A hell rat (Elf:2)
  14 worker ants
  A killer bee zombie (D:11)
  49 sheep
  Jessica (D:2)
  A demigod skeleton (Crypt:1)
  A hound zombie (D:9)
  10 mummies
  2 hound skeletons
  28 adders
  An adder (shapeshifter) (Vaults:4)
  3 gnolls (D:7)
  85 river rats
  2 giant mites
  6 shadow imps
  A white imp (Abyss:1)
  8 worms
  A giant eyeball (Depths:4)
  An adder zombie (D:5)
  An iguana skeleton (Crypt:1)
  13 giant geckos
  319 orcs
  A bat skeleton (Crypt:2)
  5 giant cockroaches
  20 hobgoblins
  17 jackals
  31 kobolds
  28 quokkas
  7 ball pythons
  49 bats
  A giant gecko skeleton (D:7)
  A giant gecko zombie (D:8)
  9 giant newts
  3 giant spores
  27 goblins
  A jackal skeleton (D:8)
  An orc skeleton (D:11)
  A quokka zombie (D:5)
  7 rats
  A rat skeleton (Crypt:2)
  5 ballistomycetes
  12 fungi
  6 plants
  A tentacle (Shoals:2)
  2 tentacle segments
3623 creatures vanquished.

Vanquished Creatures (collateral kills)
  A wolf spider (Spider:5)
  A redback (Spider:5)
  A killer bee (Spider:3)
3 creatures vanquished.

Vanquished Creatures (others)
  2 draconian scorchers (Zot:2)
  A draconian zealot (Zot:2)
  A green draconian (Zot:2)
  A grey draconian (Zot:2)
  A mottled draconian (Zot:2)
  A black draconian (Zot:2)
  2 pale draconians (Zot:2)
  A yellow draconian (Zot:2)
  A merfolk javelineer (Shoals:5)
  A death cob (Zot:2)
  An ice dragon (Zot:1)
  A hell hog (Hell)
  A deep elf knight (Elf:1)
  An orc knight (Vaults:5)
  3 moths of wrath
  A yak (Lair:7)
  A vampire (Depths:4)
  A hippogriff (Lair:8)
  7 lost souls
  An ogre (Vaults:4)
  2 killer bees (Spider:3)
  A bush (Lair:2)
  2 eldritch tentacle segments (Crypt:3)
  16 fungi
  49 plants
  24 tentacles
  950 tentacle segments
1074 creatures vanquished.

Grand Total: 4700 creatures vanquished

Notes
Turn   | Place    | Note
--------------------------------------------------------------
     0 | D:1      | Zugr, the Gargoyle Wizard, began the quest for the Orb.
     0 | D:1      | Reached XP level 1. HP: 10/10 MP: 4/4
   250 | D:1      | Found a sparkling altar of Nemelex Xobeh.
   347 | D:1      | Reached XP level 2. HP: 9/15 MP: 0/6
   467 | D:1      | Learned a level 2 spell: Repel Missiles
   793 | D:1      | Reached XP level 3. HP: 19/19 MP: 4/7
  1504 | D:2      | Found an iron altar of Okawaru.
  1563 | D:2      | Reached skill level 4 in Conjurations
  1563 | D:2      | Reached XP level 4. HP: 24/24 MP: 3/9
  1650 | D:2      | Noticed Jessica
  1655 | D:2      | Killed Jessica
  1952 | D:2      | Learned a level 3 spell: Mephitic Cloud
  2240 | D:2      | Reached XP level 5. HP: 28/28 MP: 7/11
  2657 | D:3      | Reached skill level 5 in Conjurations
  3641 | D:4      | Noticed Crazy Yiuf
  3652 | D:4      | Killed Crazy Yiuf
  3815 | D:4      | Found a shimmering altar of Xom.
  3815 | D:4      | Found a basalt altar of Yredelemnul.
  3815 | D:4      | Found a blossoming altar of Fedhas.
  3859 | D:4      | Reached XP level 6. HP: 29/32 MP: 4/13
  3930 | D:4      | Learned a level 3 spell: Conjure Flame
  3941 | D:4      | Reached skill level 6 in Conjurations
  4904 | D:5      | Entered Level 5 of the Dungeon
  4926 | D:5      | Reached skill level 7 in Conjurations
  5132 | D:5      | Reached XP level 7. HP: 28/36 MP: 5/15
  5364 | D:5      | Reached skill level 8 in Conjurations
  5816 | D:5      | Noticed Edmund
  5841 | D:5      | Killed Edmund
  5841 | D:5      | Reached skill level 9 in Conjurations
  6106 | D:5      | Got a bloodstained leather armour
  6117 | D:5      | Identified the cursed -4 leather armour of Inevitability {Str+3} (You found it on level 5 of the Dungeon)
  6166 | D:5      | Found a staircase to the Ecumenical Temple.
  6239 | Temple   | Entered the Ecumenical Temple
  6302 | Temple   | Became a worshipper of Vehumet
  6565 | D:5      | Reached XP level 8. HP: 41/41 MP: 11/16
  6981 | D:5      | Reached skill level 10 in Conjurations
  7254 | D:5      | Noticed Sigmund
  8112 | D:5      | Killed Sigmund
  8112 | D:5      | Reached skill level 11 in Conjurations
  8649 | D:6      | Reached XP level 9. HP: 45/45 MP: 7/18
  9034 | D:6      | Acquired Vehumet's first power
  9034 | D:6      | Offered knowledge of Shock by Vehumet.
  9034 | D:6      | Reached skill level 12 in Conjurations
 10132 | D:6      | Reached skill level 1 in Fighting
 11077 | D:7      | Offered knowledge of Throw Frost by Vehumet.
 11079 | D:7      | Reached skill level 13 in Conjurations
 11221 | D:7      | Reached skill level 5 in Fighting
 11422 | D:7      | Reached skill level 1 in Armour
 11508 | D:7      | Found a glowing golden altar of the Shining One.
 11795 | D:8      | Found Pumy's Armour Shop.
 11831 | D:8      | Found Qeacest's Assorted Antiques.
 11872 | D:8      | Found a sparkling altar of Nemelex Xobeh.
 11981 | D:8      | Reached XP level 10. HP: 59/59 MP: 9/19
 12293 | D:8      | Found Alufays' Antique Armour Boutique.
 12566 | D:8      | Found Zeschush's Armour Emporium.
 12749 | D:7      | Offered knowledge of Throw Flame by Vehumet.
 13192 | D:8      | Acquired Vehumet's second power
 13643 | D:8      | Bought the +0 cloak "Stistra" {rN+ Int+10 Dex-3} for 425 gold pieces
 13921 | D:9      | Offered knowledge of Airstrike by Vehumet.
 13923 | D:9      | Found a staircase to the Orcish Mines.
 13999 | D:9      | Learned a level 4 spell: Airstrike
 14555 | D:9      | Acquired Vehumet's third power
 14604 | D:9      | Offered knowledge of Static Discharge by Vehumet.
 14604 | D:9      | Reached skill level 5 in Armour
 15425 | D:9      | Identified a scroll of acquirement
 15438 | D:9      | Learned a level 3 spell: Stone Arrow
 15448 | D:9      | Reached skill level 1 in Earth Magic
 15473 | D:10     | Entered Level 10 of the Dungeon
 15522 | D:10     | Found Wesynafa's Weapon Boutique.
 16062 | D:10     | Reached skill level 5 in Spellcasting
 16062 | D:10     | Reached XP level 11. HP: 61/67 MP: 12/23
 16191 | D:10     | Found Vufeg's Magic Scroll Boutique.
 16762 | D:11     | Reached skill level 14 in Conjurations
 17098 | D:11     | Found a staircase to the Lair.
 17670 | D:11     | Learned a level 6 spell: Iron Shot
 18225 | D:11     | Offered knowledge of Bolt of Fire by Vehumet.
 18453 | D:11     | Reached skill level 1 in Staves
 20361 | D:8      | Bought a brightly glowing ring mail for 234 gold pieces
 20371 | D:8      | Identified the +0 ring mail "Ufiysch" {MP+9 Str+4} (You bought it in a shop on level 8 of the Dungeon)
 20570 | Lair:1   | Entered Level 1 of the Lair of Beasts
 20587 | Lair:1   | Noticed Fanu's ghost (powerful GrEE)
 20590 | Lair:1   | Killed Fanu's ghost
 20590 | Lair:1   | Reached skill level 1 in Shields
 20671 | Lair:1   | Reached XP level 12. HP: 74/74 MP: 28/28
 23539 | Lair:3   | Found a labyrinth entrance.
 23551 | Lab      | Entered a labyrinth
 24274 | Lab      | Noticed a minotaur
 24282 | Lab      | Killed a minotaur
 24302 | Lab      | Reached XP level 13. HP: 78/82 MP: 12/29
 24413 | Lair:3   | Identified a -3 rod of inaccuracy (9/9) (You found it in a labyrinth)
 24480 | Lair:3   | Learned a level 2 spell: Blink
 24620 | Lair:3   | Reached skill level 10 in Fighting
 25020 | Lair:3   | Found a hole to the Spider Nest.
 25408 | Lair:3   | Reached skill level 5 in Dodging
 25504 | Lair:3   | Offered knowledge of Spellforged Servitor by Vehumet.
 26768 | Lair:4   | Reached skill level 1 in Evocations
 28576 | Lair:5   | Reached skill level 5 in Earth Magic
 29686 | Lair:5   | Offered knowledge of Lee's Rapid Deconstruction by Vehumet.
 29694 | Lair:5   | Learned a level 5 spell: Lee's Rapid Deconstruction
 30320 | Lair:6   | Reached skill level 5 in Staves
 31020 | Orc:1    | Entered Level 1 of the Orcish Mines
 31349 | Orc:1    | Gained mutation: Your magical capacity is low (-10% MP). [a neqoxec]
 31672 | Orc:1    | Found a bloodstained altar of Trog.
 32263 | Orc:1    | Offered knowledge of Bolt of Cold by Vehumet.
 32567 | Orc:2    | Noticed Eustachio
 32573 | Orc:2    | Killed Eustachio
 32795 | Orc:2    | Noticed Gastronok
 32993 | Orc:2    | Gained mutation: Your wings are large and strong. [gargoyle growth]
 32993 | Orc:2    | Reached XP level 14. HP: 88/88 MP: 27/27
 33149 | Orc:2    | Killed Gastronok
 33872 | D:10     | Bought a scroll of identify for 22 gold pieces
 33872 | D:10     | Bought a scroll of fog for 22 gold pieces
 33993 | D:8      | Bought a potion of curing for 84 gold pieces
 33993 | D:8      | Bought a scroll of fog for 56 gold pieces
 33993 | D:8      | Bought a scroll of identify for 56 gold pieces
 33993 | D:8      | Bought a scroll of teleportation for 84 gold pieces
 34262 | Orc:2    | Noticed Nergalle
 34408 | D:9      | Lost mutation: Your magical capacity is low (-10% MP). [potion of cure mutation]
 34925 | Orc:2    | Killed Nergalle
 35624 | Orc:3    | Offered knowledge of Orb of Destruction by Vehumet.
 35682 | Orc:3    | Reached skill level 5 in Evocations
 35858 | Orc:3    | Found a staircase to the Elven Halls.
 36419 | Orc:4    | Entered Level 4 of the Orcish Mines
 36718 | Orc:4    | Learned a level 7 spell: Orb of Destruction
 37080 | Orc:4    | Noticed an orc warlord
 37086 | Orc:4    | Offered knowledge of Poison Arrow by Vehumet.
 37334 | Orc:4    | Killed an orc warlord
 37857 | Orc:4    | Noticed an orc warlord
 37863 | Orc:4    | Killed an orc warlord
 38193 | Orc:4    | Found a roughly hewn altar of Beogh.
 38413 | Orc:4    | Found Skawnafabb's Antique Armour Shop.
 38607 | Orc:4    | Found Lafonao's Book Shop.
 38700 | Orc:4    | Found Wuecoi's General Store.
 38848 | Orc:4    | Noticed an orc warlord
 38856 | Orc:4    | Killed an orc warlord
 38856 | Orc:4    | Reached skill level 10 in Armour
 39482 | Orc:4    | Found Tajiosm's Antique Weapon Shop.
 39488 | Orc:4    | Bought a warped quarterstaff for 315 gold pieces
 39493 | Orc:4    | Identified the cursed -2 quarterstaff of Distraction {crush, +Rage MR+} (You bought it in a shop on level 4 of the Orcish Mines)
 39497 | Orc:4    | Bought a fine morningstar for 315 gold pieces
 39497 | Orc:4    | Identified the +7 morningstar "Mnuwupet" {venom, +Inv} (You bought it in a shop on level 4 of the Orcish Mines)
 39652 | Orc:4    | Offered knowledge of Conjure Ball Lightning by Vehumet.
 39990 | D:9      | Upgraded the game from 0.16.1-2-g95b8d4c to 0.16.1-4-g8e1b745
 40162 | D:12     | Reached skill level 1 in Maces & Flails
 40500 | D:12     | Found a deep blue altar of Sif Muna.
 40519 | D:12     | Identified Sif Muna's Almanac of Companions
 40721 | D:13     | Reached skill level 10 in Spellcasting
 40813 | D:13     | Found a white marble altar of Elyvilon.
 40939 | D:13     | Noticed a tengu reaver
 40971 | D:13     | Killed a tengu reaver
 41151 | D:12     | Reached XP level 15. HP: 80/95 MP: 13/32
 41357 | Lair:6   | Got a transparent sapphire amulet
 41359 | Lair:6   | Identified the amulet of the Demon Prince {Stasis rN++ Str-3} (You acquired it on level 6 of the Lair of Beasts)
 42174 | Lair:6   | Offered knowledge of Lehudib's Crystal Spear by Vehumet.
 42174 | Lair:6   | Offered knowledge of Fire Storm by Vehumet.
 42174 | Lair:6   | Offered knowledge of Tornado by Vehumet.
 42366 | Lair:6   | Found a staircase to the Shoals.
 42924 | Lair:7   | Reached skill level 5 in Maces & Flails
 43181 | Lair:8   | Entered Level 8 of the Lair of Beasts
 44049 | Lair:8   | Found a staircase to the Slime Pits.
 44059 | Lair:8   | Got an ancient turquoise ring
 44061 | Lair:8   | Identified the ring "Piazol" {rF- MR+ Str-5 Int+4 Dex+2 Stlth+} (You acquired it on level 8 of the Lair of Beasts)
 44190 | Lair:8   | Learned a level 2 spell: Swiftness
 44451 | Spider:1 | Entered Level 1 of the Spider Nest
 45659 | Spider:2 | Noticed Norris
 45667 | Spider:2 | Killed Norris
 46182 | Spider:2 | Reached XP level 16. HP: 103/103 MP: 33/33
 46964 | Spider:4 | Got a wavering amethyst amulet
 46966 | Spider:4 | Identified the amulet "Heschiof" {Stasis rPois Int+3} (You found it on level 4 of the Spider Nest)
 48820 | Spider:3 | Noticed Roxanne
 48987 | Spider:3 | Reached skill level 10 in Dodging
 49925 | Spider:3 | Reached skill level 10 in Maces & Flails
 50550 | Spider:5 | Entered Level 5 of the Spider Nest
 52493 | Spider:5 | Reached XP level 17. HP: 100/109 MP: 34/34
 53668 | Spider:5 | Noticed Arachne
 53968 | Spider:5 | Killed Arachne
 55362 | Spider:5 | Got a gossamer rune of Zot
 56491 | Lair:8   | Reached skill level 1 in Air Magic
 56622 | Lair:8   | Reached skill level 1 in Fire Magic
 56622 | Lair:8   | Reached XP level 18. HP: 116/116 MP: 35/35
 56625 | Lair:8   | Got a crude chain mail
 56626 | Lair:8   | Identified the +12 chain mail "Shoap" {+Blink rC- SInv} (You found it on level 8 of the Lair of Beasts)
 56915 | Shoals:1 | Entered Level 1 of the Shoals
 59228 | Shoals:2 | Got a faintly glowing scale mail
 59239 | Shoals:2 | Identified the +5 scale mail "Toimimesh" {Str+2} (You found it on level 2 of the Shoals)
 59493 | Shoals:2 | Noticed Polyphemus
 60073 | Lair:2   | Learned a level 7 spell: Ring of Flames
 60251 | Shoals:2 | Killed Polyphemus
 60405 | Shoals:2 | Reached XP level 19. HP: 106/121 MP: 14/36
 60418 | Shoals:2 | Reached skill level 10 in Evocations
 61727 | Shoals:4 | Got a shimmering plate armour
 61743 | Shoals:4 | Identified the +12 plate armour of Ehioplav {rC+ MR- Str-3 Dex+3 SInv} (You acquired it on level 4 of the Shoals)
 62183 | Shoals:3 | Reached skill level 5 in Fire Magic
 63995 | Shoals:5 | Entered Level 5 of the Shoals
 64622 | Shoals:5 | Identified the Compendium of Weightlessness (You found it on level 5 of the Shoals)
 64892 | Shoals:5 | Noticed Ilsuiw
 65889 | Shoals:5 | Got a barnacled rune of Zot
 65903 | Shoals:5 | Killed Ilsuiw
 67034 | D:13     | Found Kusa Qua's Antique Armour Shop.
 67042 | D:13     | Bought a pitted buckler for 275 gold pieces
 67054 | D:13     | Identified the cursed -1 buckler of the Princeling {rElec rPois MR- Str+4} (You bought it in a shop on level 13 of the Dungeon)
 67299 | D:13     | Got a shimmering mace
 67300 | D:13     | Identified the +1 mace "Hellblazer" {holy, Int+4} (You found it on level 13 of the Dungeon)
 67347 | D:13     | Reached XP level 20. HP: 127/127 MP: 38/38
 67860 | D:13     | Found a gate to the Vaults.
 68405 | D:14     | Found an opulent altar of Gozag.
 68473 | D:15     | Entered Level 15 of the Dungeon
 68608 | D:15     | Found a flickering gateway to a bazaar.
 68617 | Bazaar   | Entered a bazaar
 68619 | Bazaar   | Found Caigav's Magic Scroll Boutique.
 68622 | Bazaar   | Found Iloaxua's Book Boutique.
 68623 | Bazaar   | Found Gieze's Distillery.
 68623 | Bazaar   | Found Khay's Magic Scroll Boutique.
 68653 | Bazaar   | Bought a potion of restore abilities for 70 gold pieces
 68653 | Bazaar   | Bought 3 potions of curing for 126 gold pieces
 68653 | Bazaar   | Bought a potion of might for 56 gold pieces
 68653 | Bazaar   | Bought a potion of magic for 112 gold pieces
 68653 | Bazaar   | Bought a potion of curing for 42 gold pieces
 68653 | Bazaar   | Bought a potion of heal wounds for 70 gold pieces
 68653 | Bazaar   | Bought a potion of curing for 42 gold pieces
 68653 | Bazaar   | Bought a potion of restore abilities for 70 gold pieces
 68663 | Bazaar   | Bought a scroll of vulnerability for 82 gold pieces
 68663 | Bazaar   | Bought a scroll of fog for 22 gold pieces
 68663 | Bazaar   | Bought a scroll of enchant weapon for 82 gold pieces
 68663 | Bazaar   | Bought a scroll of enchant armour for 82 gold pieces
 68663 | Bazaar   | Bought a scroll of enchant armour for 82 gold pieces
 68663 | Bazaar   | Bought a scroll of recharging for 104 gold pieces
 68663 | Bazaar   | Bought a scroll of amnesia for 38 gold pieces
 68676 | Bazaar   | Bought a scroll of enchant armour for 67 gold pieces
 68676 | Bazaar   | Bought a scroll of vulnerability for 67 gold pieces
 69013 | D:15     | Reached skill level 10 in Fire Magic
 69231 | D:15     | Found a staircase to the Depths.
 69543 | D:15     | Found a shadowy altar of Dithmenos.
 70527 | D:15     | Reached skill level 10 in Earth Magic
 71315 | D:15     | Found a portal to a secret trove of treasure.
 71584 | Elf:1    | Entered Level 1 of the Elven Halls
 71716 | Elf:1    | Learned a level 7 spell: Delayed Fireball
 73138 | Elf:2    | Learned a level 5 spell: Fireball
 73613 | Elf:2    | Found a runed gate.
 73619 | Elf:2    | Found a runed gate.
 73623 | Elf:2    | Found a runed gate.
 73828 | Elf:2    | Noticed Frances
 73839 | Elf:2    | Killed Frances
 74830 | Elf:3    | Entered Level 3 of the Elven Halls
 74996 | Elf:3    | Reached skill level 15 in Conjurations
 75071 | Elf:3    | Reached XP level 21. HP: 132/132 MP: 14/39
 75212 | Elf:3    | Found a roughly hewn altar of Beogh.
 76897 | Elf:3    | Got a smoking jade ring
 76899 | Elf:3    | Identified the ring "Giruth" {Contam rElec rC+ Int+2 Dex+4 SInv} (You took it off a deep elf sorcerer on level 3 of the Elven Halls)
 77635 | Elf:3    | Got a bronze shadow dragon armour
 77646 | Elf:3    | Identified the +10 shadow dragon armour "Plaewk" {+Blink rN+ Str+2 Int+4 SInv Stlth++++} (You found it on level 3 of the Elven Halls)
 77818 | Elf:3    | Learned a level 9 spell: Fire Storm
 79251 | D:15     | You paid a toll of 4 scrolls of blinking to enter a treasure trove
 79252 | Trove    | Entered a treasure trove
 79291 | Trove    | Got a clouded pewter ring
 79346 | D:15     | Identified the ring "Hyophups" {Contam rElec rPois rC+ Dex+3 SInv} (You found it in a treasure trove)
 79792 | Vaults:1 | Entered Level 1 of the Vaults
 79844 | Vaults:1 | Identified a +0 pair of boots of running (You found it on level 1 of the Vaults)
 79864 | Vaults:1 | Noticed Saint Roka
 79869 | Vaults:1 | Killed Saint Roka
 81253 | Vaults:1 | Noticed Wiglaf
 81260 | Vaults:1 | Killed Wiglaf
 81412 | Vaults:1 | Reached XP level 22. HP: 137/137 MP: 36/40
 82493 | Vaults:1 | Reached skill level 15 in Fire Magic
 84297 | Vaults:2 | Got a smoking iron ring
 84299 | Vaults:2 | Identified the ring "Felosu" {+Blink rN+ MP-9 Str+6 Dex+6} (You found it on level 2 of the Vaults)
 84538 | Vaults:2 | Learned a level 2 spell: Stoneskin
 85577 | Vaults:2 | Reached skill level 16 in Fire Magic
 85928 | Vaults:2 | Found a staircase to the Crypt.
 86289 | Vaults:2 | Noticed Asterion
 86304 | Vaults:2 | Killed Asterion
 86344 | Vaults:2 | Cast into the Abyss (a deep elf demonologist)
 86674 | Abyss:2  | Found a corrupted altar of Lugonu.
 86777 | Abyss:3  | Got an abyssal rune of Zot
 87044 | Vaults:2 | Escaped the Abyss
 87767 | Crypt:1  | Entered Level 1 of the Crypt
 87767 | Crypt:1  | Noticed Xtahua
 88000 | Vaults:3 | Reached skill level 15 in Earth Magic
 88345 | Vaults:3 | Reached XP level 23. HP: 142/142 MP: 18/41
 90564 | Vaults:3 | Reached skill level 17 in Earth Magic
 92166 | Vaults:4 | Reached skill level 18 in Earth Magic
 92292 | Vaults:4 | Noticed Boris
 92302 | Vaults:4 | Killed Boris
 93855 | Depths:1 | Entered Level 1 of the Depths
 94003 | Depths:2 | Found Ketzog's Book Shoppe.
 94018 | Depths:1 | Gained mutation: You are dopey. (Int -2) [mutagenic glow]
 94111 | Depths:1 | Reached skill level 19 in Earth Magic
 94375 | Depths:1 | Reached skill level 15 in Spellcasting
 94552 | Depths:1 | Reached XP level 24. HP: 148/148 MP: 40/42
 95400 | Depths:1 | Identified the Guide on Moulding and Stolen Souls (You found it on level 1 of the Depths)
 95424 | Depths:1 | Identified the Volume of Attacks
 95668 | Depths:1 | Found Jotucha's Distillery.
 96121 | Depths:1 | Found a sparkling altar of Nemelex Xobeh.
 96294 | Depths:1 | Found a gateway to Hell.
 96562 | Depths:2 | Gained mutation: Scrolls take you a little longer to read. [a shining eye]
 96563 | Depths:2 | Reached skill level 20 in Earth Magic
 97571 | Depths:2 | Found Brahad's Serpentskin Sales.
 99120 | Depths:3 | Found Agewempi's Off-Brand Ammunition.
 99205 | Depths:3 | Reached skill level 21 in Earth Magic
 99434 | Depths:3 | Noticed Aizul
 99438 | Depths:3 | Killed Aizul
 99595 | Depths:3 | Found a one-way gate leading to the halls of Pandemonium.
 99746 | Depths:3 | Found Strinneo's Magic Scroll Shoppe.
 99775 | Depths:3 | Bought a scroll of enchant armour for 97 gold pieces
 99775 | Depths:3 | Bought a scroll of teleportation for 39 gold pieces
 99775 | Depths:3 | Bought a scroll of vulnerability for 97 gold pieces
 99775 | Depths:3 | Bought a scroll of immolation for 45 gold pieces
 99775 | Depths:3 | Bought a scroll of magic mapping for 45 gold pieces
100779 | Depths:3 | Reached XP level 25. HP: 152/152 MP: 43/43
101443 | Depths:3 | Got a transparent flail
101446 | Depths:3 | Identified the cursed -1 flail of True Grit {crush, -Tele rF+ Str+2 Int+3} (You found it on level 3 of the Depths)
101703 | Depths:3 | Reached XP level 26. HP: 158/158 MP: 22/43
101856 | Depths:4 | Reached skill level 22 in Earth Magic
102047 | Depths:4 | Found a one-way gate to the infinite horrors of the Abyss.
103286 | Depths:4 | Found a gateway to a ziggurat.
103682 | Depths:4 | Reached skill level 23 in Earth Magic
104208 | Depths:4 | Noticed an ancient lich
104732 | Depths:4 | Killed an ancient lich
104929 | Depths:5 | Entered Level 5 of the Depths
105523 | Depths:4 | Got an ancient demon whip
105526 | Depths:4 | Identified the +7 demon whip of Annoyance {venom, *Rage rN+ MP-9 Int+5 Stlth+} (You took it off a wizard on level 4 of the Depths)
105538 | Depths:4 | Learned a level 9 spell: Shatter
105737 | Depths:5 | Noticed Mennas
106562 | Crypt:1  | Reached skill level 24 in Earth Magic
106672 | Crypt:1  | Killed Xtahua
107415 | Crypt:1  | Reached XP level 27. HP: 163/163 MP: 30/45
109367 | Crypt:2  | Reached skill level 25 in Earth Magic
110017 | Crypt:3  | Entered Level 3 of the Crypt
111080 | Crypt:3  | Got a scorched silver ring
111132 | Crypt:3  | Identified the ring "Upsuys" {+Blink rElec rF+ rN+ MR-} (You found it on level 3 of the Crypt)
111194 | Crypt:3  | Found a staircase to the Tomb.
112037 | Crypt:3  | Found an ancient bone altar of Kikubaaqudgha.
112620 | Crypt:3  | Reached skill level 26 in Earth Magic
114168 | Depths:4 | Killed Mennas
114984 | Depths:5 | Found a gate to the Realm of Zot.
115437 | Depths:5 | Found Peem's Jewellery Boutique.
115742 | Zot:1    | Entered Level 1 of the Realm of Zot
116028 | Hell     | Entered the Vestibule of Hell
116028 | Hell     | Noticed Geryon
116219 | Hell     | Reached skill level 27 in Earth Magic
116325 | Hell     | Found a gateway to the Iron City of Dis.
116474 | Hell     | Found a gateway to the decaying netherworld of Tartarus.
117427 | Vaults:5 | Entered Level 5 of the Vaults
117427 | Vaults:5 | Noticed Jorgrun
117429 | Vaults:5 | Killed Jorgrun
117454 | Vaults:5 | Reached skill level 15 in Fighting
117653 | Vaults:5 | Noticed Frederick
117656 | Vaults:5 | Killed Frederick
117661 | Vaults:5 | Reached skill level 15 in Dodging
118317 | Vaults:5 | Identified the Collected Works on Summoning and Orientation
119769 | Vaults:5 | Got a bloodstained lajatang
119772 | Vaults:5 | Identified the +10 lajatang of the Eggplant {slice, Int+4 Dex+2} (You took it off a yaktaur on level 5 of the Vaults)
119849 | Vaults:5 | Identified a +0 rod of destruction (11/14) (You took it off an orc on level 5 of the Vaults)
120469 | Vaults:5 | Got a silver rune of Zot
120848 | Vaults:5 | Got a pitted chain mail
120851 | Vaults:5 | Identified the +3 chain mail of Briehi {Str+2} (You found it on level 5 of the Vaults)
124418 | Zot:2    | Noticed an orb of fire
126828 | Zot:4    | Got a coiled brass ring
126836 | Zot:4    | Identified the ring "Wanlis" {Str+6 SInv} (You acquired it on level 4 of the Realm of Zot)
127752 | Zot:5    | Entered Level 5 of the Realm of Zot
128025 | Zot:5    | Noticed an ancient lich
128030 | Zot:5    | Killed an ancient lich
128059 | Zot:5    | Noticed an orb of fire
128068 | Zot:5    | Killed an orb of fire
128330 | Zot:5    | Noticed an orb of fire
128332 | Zot:5    | Gained mutation: Scrolls take you longer to read. [an orb of fire]
128335 | Zot:5    | Killed an orb of fire
128558 | Zot:5    | Noticed an orb of fire
128560 | Zot:5    | Killed an orb of fire
129026 | Zot:5    | Noticed an orb of fire
129030 | Zot:5    | Killed an orb of fire
129033 | Zot:5    | Noticed an ancient lich
129039 | Zot:5    | Killed an ancient lich
129210 | Zot:5    | Noticed an orb of fire
129212 | Zot:5    | Gained mutation: You heal slowly when monsters are visible. [an orb of fire]
129214 | Zot:5    | Killed an orb of fire
129216 | Zot:5    | Noticed an orb of fire
129221 | Zot:5    | Killed an orb of fire
129224 | Zot:5    | Noticed an orb of fire
129224 | Zot:5    | Lost mutation: Scrolls take you longer to read. [an orb of fire]
129225 | Zot:5    | Gained mutation: Your magical capacity is low (-10% MP). [an orb of fire]
129226 | Zot:5    | Gained mutation: You are weak. (Str -2) [an orb of fire]
129229 | Zot:5    | Gained mutation: You can spit poison. [an orb of fire]
129242 | Zot:5    | HP: 2/176 [orb of fire/bolt of fire (33)]
130201 | Zot:5    | Killed an orb of fire
130338 | Zot:5    | Noticed an orb of fire
130345 | Zot:5    | Killed an orb of fire
130501 | Zot:5    | Noticed an orb of fire
130505 | Zot:5    | Gained mutation: Armour fits poorly on your strangely shaped body. [an orb of fire]
130506 | Zot:5    | Killed an orb of fire
130650 | Zot:5    | Noticed an orb of fire
130659 | Zot:5    | Lost mutation: You heal slowly when monsters are visible. [an orb of fire]
130665 | Zot:5    | Gained mutation: You heal slowly when monsters are visible. [an orb of fire]
130686 | Zot:5    | Lost mutation: You heal slowly when monsters are visible. [an orb of fire]
130692 | Zot:5    | Noticed an orb of fire
130692 | Zot:5    | HP: 5/176 [orb of fire/fireball (41)]
130694 | Zot:5    | Killed from afar by an orb of fire

Action                   |  1- 3 |  4- 6 |  7- 9 | 10-12 | 13-15 | 16-18 | 19-21 | 22-24 | 25-27 || total
-------------------------+-------+-------+-------+-------+-------+-------+-------+-------+-------++-------
Melee: Unarmed           |     3 |       |       |       |       |       |       |       |       ||     3
       Short sword       |     1 |       |    10 |       |       |       |       |       |       ||    11
       Dagger            |    15 |    49 |       |       |       |       |       |       |       ||    64
       Flail             |       |       |   140 |   188 |       |       |       |       |       ||   328
       Staff             |       |       |       |   108 |   297 |       |       |       |       ||   405
       Morningstar       |       |       |       |       |    85 |   351 |   403 |   283 |   481 ||  1603
       Mace              |       |       |       |       |       |       |    57 |       |       ||    57
       Lajatang          |       |       |       |       |       |       |       |       |   357 ||   357
       Quarterstaff      |       |       |       |       |       |       |       |       |   136 ||   136
 Cast: Magic Dart        |    69 |   182 |   373 |   452 |   691 |    67 |    51 |    36 |    16 ||  1937
       Repel Missiles    |     1 |     2 |     1 |     2 |     1 |     5 |    12 |    12 |     9 ||    45
       Mephitic Cloud    |       |     5 |    31 |    90 |   196 |    28 |    72 |    65 |     8 ||   495
       Conjure Flame     |       |       |    19 |     8 |     1 |       |       |       |       ||    28
       Stone Arrow       |       |       |       |   212 |   482 |   272 |   205 |   198 |    31 ||  1400
       Iron Shot         |       |       |       |    58 |   180 |   230 |   298 |   445 |   999 ||  2210
       Orb of Destructio |       |       |       |       |    61 |    97 |   233 |   146 |   112 ||   649
       Lee's Rapid Decon |       |       |       |       |    10 |    14 |    29 |    17 |   106 ||   176
       Blink             |       |       |       |       |     1 |       |     8 |     3 |     1 ||    13
       Swiftness         |       |       |       |       |     1 |       |     1 |     1 |     7 ||    10
       Fireball          |       |       |       |       |       |       |    34 |   106 |    49 ||   189
       Delayed Fireball  |       |       |       |       |       |       |     1 |     2 |     7 ||    10
       Stoneskin         |       |       |       |       |       |       |       |    31 |    29 ||    60
       Shatter           |       |       |       |       |       |       |       |       |    29 ||    29
 Abil: Fly               |       |       |       |       |     1 |       |       |     1 |       ||     2
       Evoke Invisibilit |       |       |       |       |       |       |     2 |     2 |       ||     4
       Release Delayed F |       |       |       |       |       |       |       |     2 |     6 ||     8
       Stop Flying       |       |       |       |       |       |       |       |     1 |       ||     1
       Evoke Blink       |       |       |       |       |       |       |       |     1 |     5 ||     6
Evoke: Wand              |       |       |       |       |     3 |     9 |     7 |     1 |    17 ||    37
  Use: Scroll            |       |     9 |     1 |    15 |    14 |    16 |    19 |     7 |    32 ||   113
       Potion            |       |       |       |     3 |     4 |     5 |     7 |     3 |    17 ||    39
 Stab: Sleeping          |     1 |       |       |       |       |       |       |       |       ||     1
       Confused          |       |       |     3 |    11 |    27 |     8 |    18 |     7 |       ||    74
       Distracted        |       |       |       |       |       |       |       |       |     3 ||     3
  Eat: Chunk             |     2 |     4 |    13 |    30 |    83 |    66 |    65 |    33 |    22 ||   318
       Meat ration       |       |     1 |       |     2 |     2 |     6 |     3 |     4 |    11 ||    29
       Fruit             |       |     2 |       |     5 |    24 |     4 |     3 |       |     3 ||    41
       Bread ration      |       |     1 |     2 |     3 |     2 |     1 |     1 |     1 |     8 ||    19
       Pizza             |       |       |       |     3 |     2 |     1 |     1 |     2 |     4 ||    13
       Beef jerky        |       |       |       |     1 |     1 |     1 |     3 |     5 |     1 ||    12
       Royal jelly       |       |       |       |       |       |     2 |     6 |       |     2 ||    10
